AoeStats
← n8gallagher

Arena

509965125Analyzed
1v1 RM · 2d ago on Sep 28, 2026· 56m 55s· 2 players
Game mode
Random Map
Map size
Tiny (2 player)
Population
200
Speed
Normal
Resources
Standard
Victory
Conquest
Starting age
Dark Age
Ending age
Imperial Age
RankedLock teamsTeams togetherTeam positionsShared explorationLock speedFull tech treeHidden civsTurbo modeCheats
Victory
Defeat
🇺🇸 Bohemians · United States
511
+17
🇹🇷 Franks · Türkiye
543
-17
n8gallagher
10:16 Feudal Age
16:10 Castle Age
13:56 Loom
16:52 Double-Bit Axe
17:04 Horse Collar
18:35 Bow Saw
19:35 Scale Mail Armor
24:10 Wheelbarrow
25:10 Pikeman
25:51 Squires
28:08 Hand Cart
29:56 Forging
30:12 Chain Mail Armor
30:35 Elite Skirmisher
35:31 Imperial Age
33:01 Town Watch
34:21 Padded Archer Armor
34:11 Fletching
34:57 Iron Casting
35:45 Husbandry
35:06 Light Cavalry
37:12 Chemistry
36:35 Murder Holes
36:59 Fortified Wall
37:57 Masonry
38:13 Leather Archer Armor
37:53 Bodkin Arrow
39:38 Conscription
40:09 Houfnice
41:28 Town Patrol
43:13 Blast Furnace
42:20 Scale Barding Armor
42:46 Ring Archer Armor
43:30 Two-Man Saw
42:43 Halberdier
43:59 Plate Mail Armor
43:38 Bracer
SaBRa
12:33 Feudal Age
11:39 Loom
13:27 Double-Bit Axe
13:34 Gold Mining
13:38 Stone Mining
16:53 Wheelbarrow
23:07 Castle Age
21:44 Loom
22:15 Forging
22:11 Scale Barding Armor
23:38 Scale Mail Armor
25:58 Husbandry
28:57 Gold Shaft Mining
29:08 Bow Saw
30:21 Iron Casting
31:42 Chain Mail Armor
32:39 Husbandry
33:42 Hand Cart
39:05 Imperial Age
37:51 Chain Barding Armor
38:13 Town Watch
38:14 Loom
40:36 Plate Barding Armor
40:16 Chivalry
40:27 Chivalry
40:14 Elite Throwing Axeman
42:01 Plate Mail Armor
42:42 Cavalier
43:45 Paladin
52:05 Capped Ram
Connection lost

Rejoining the realm…

Still unreachable

The connection could not be restored.

Session expired

The server has moved on; the page needs a fresh start.